[Event "Titled Tuesday Blitz May 4 2021"]
[White "Cunjalo, Faris"]
[Black "Gusarov, Grigory"]
[WhiteFideId "14410710"]
[BlackFideId "24102172"]
[WhiteElo "2234"]
[BlackElo "2285"]
[Result "1-0"]
[Round "09"]
[TimeControl "180+1"]
[Date "2021.05.04"]
[WhiteClock "0:00:14"]
[BlackClock "0:00:49"]

1. c4 Nf6 2. Nc3 e6 3. e4 c5 4. e5 Ng8 5. Nf3 Nc6 6. d4 cxd4 7. Nxd4 Bb4 8. Nxc6 dxc6 9. Qxd8+ Kxd8 10. Bf4 Bxc3+ 11. bxc3 Ne7 12. h4 Kc7 13. h5 Bd7 14. Rh3 h6 15. Bd3 c5 16. Rg3 Rag8 17. Ke2 b6 18. Rh1 Kc8 19. Rg4 Bc6 20. Rh3 Nf5 21. Bd2 Kd7 22. Rh2 Ke8 23. Rf4 Bd7 24. Be4 Ne7 25. Rh3 Bc6 26. Rd3 Bxe4 27. Rxe4 Nc8 28. Rg4 Ke7 29. a4 g6 30. Rdg3 g5 31. f4 f5 32. exf6+ Kxf6 33. fxg5+ hxg5 34. Rxg5 Rxg5 35. Bxg5+ Kf5 36. h6 Nd6 37. Bc1 Ne4 38. Rg7 Nxc3+ 39. Kd3 Nxa4 40. g4+ Ke5 41. Rxa7 b5 42. cxb5 c4+ 43. Kc2 Rf8 44. Rxa4 Rf2+ 45. Bd2 Kd4 46. b6 Rf7 47. Ra7 Rf2 48. Rd7+ Kc5 49. b7 Rf8 50. h7 Rb8 51. Bf4 e5 52. Bxe5 Re8 53. b8=Q Rxb8 54. Bxb8 c3 55. Rc7+ 1-0


[Site "https://www.chess.com"]

[Event "Titled Tuesday Blitz May 4 2021"]
[White "Deac, Bogdan-Daniel"]
[Black "Sanal, Vahap"]
[WhiteFideId "1226380"]
[BlackFideId "6300545"]
[WhiteElo "2605"]
[BlackElo "2507"]
[Result "1-0"]
[Round "09"]
[TimeControl "180+1"]
[Date "2021.05.04"]
[WhiteClock "0:00:05"]
[BlackClock "0:00:09"]

1. e4 c5 2. Nf3 Nc6 3. Bb5 g6 4. O-O Bg7 5. c3 Nf6 6. Re1 O-O 7. d4 cxd4 8. cxd4 d6 9. h3 a6 10. Bf1 b5 11. a4 Rb8 12. axb5 axb5 13. d5 Ne5 14. Nxe5 dxe5 15. Na3 Bd7 16. Nc2 Ne8 17. Ra7 Nd6 18. Nb4 Ra8 19. Be3 Rxa7 20. Bxa7 Qa5 21. Bc5 Rc8 22. Nd3 h5 23. b4 Qd8 24. f3 Ra8 25. Bf2 Be8 26. Qc1 Ra2 27. Re2 Ra8 28. Rc2 Kh7 29. Rc3 Nc4 30. Nc5 Bh6 31. Qc2 Ra1 32. Nb3 Ra3 33. Na5 Ra1 34. Nb3 Ra3 35. h4 Qd6 36. Bc5 Qf6 37. g3 Ra8 38. Kh2 Nd6 39. Bf2 Nc4 40. Kg2 e6 41. d6 Nxd6 42. Rc7 Nc4 43. Bxc4 bxc4 44. Rxc4 Ra3 45. Rc3 Qe7 46. Nc5 Ra1 47. Qb2 Rd1 48. b5 Rd2 49. Qb3 Qd8 50. Rd3 Rxd3 51. Nxd3 Qb8 52. b6 Bc6 53. Nc5 Bf8 54. Na6 Qb7 55. Nc5 Bxc5 56. Bxc5 Qa6 57. Bf2 Qb7 58. Qc3 f6 59. Qc5 Kg7 60. Qd6 Kf7 61. Bc5 Kg7 62. Qf8+ Kh7 63. Qxf6 Be8 64. Qxe5 Qa6 65. Bf2 Qe2 66. b7 Bb5 67. Qc7+ Kh6 68. Qc5 e5 69. b8=Q Qf1+ 70. Kh2 Kh7 71. Qe3 Bd7 72. Qc7 Qh3+ 73. Kg1 Kg8 74. Qg5 Be6 75. Qcd8+ Kg7 76. Qde7+ Bf7 77. Qgf6+ Kg8 78. Qfxf7+ Kh8 79. Qh7# 1-0


[Site "https://www.chess.com"]

[Event "Titled Tuesday Blitz May 4 2021"]
[White "Demin, Vladimir"]
[Black "Perez Gormaz, Matias"]
[WhiteFideId "4167457"]
[BlackFideId "3406342"]
[WhiteElo "2503"]
[BlackElo "2414"]
[Result "1-0"]
[Round "09"]
[TimeControl "180+1"]
[Date "2021.05.04"]
[WhiteClock "0:01:29"]
[BlackClock "0:00:01"]

1. e4 c5 2. Nf3 d6 3. d4 cxd4 4. Qxd4 Nc6 5. Bb5 Bd7 6. Bxc6 Bxc6 7. Nc3 Nf6 8. Bg5 e6 9. O-O-O Be7 10. Qd3 Qa5 11. Kb1 O-O 12. h4 Rfc8 13. Nd4 Be8 14. f4 Rxc3 15. Qxc3 Qxc3 16. bxc3 h6 17. e5 dxe5 18. fxe5 hxg5 19. exf6 Bxf6 20. hxg5 Bxg5 21. Rh3 Bf6 22. g4 Rc8 23. Rdh1 g6 24. g5 Bg7 25. Kb2 Kf8 26. Kb3 Rc5 27. Rf1 Kg8 28. Rg1 b5 29. a4 bxa4+ 30. Kb4 Bf8 31. Rgh1 a5+ 32. Ka3 Rxc3+ 33. Kb2 Rxh3 34. Rxh3 Be7 35. Rg3 Bd6 36. Rg4 Be5 37. c3 Bd6 38. Nc2 Bd7 39. Rd4 a3+ 40. Ka2 Be7 41. Rxd7 Bxg5 42. Kxa3 Bf6 43. Nd4 g5 44. Ra7 Kg7 45. Rxa5 Kg6 46. Kb3 g4 47. Ne2 Be7 48. c4 f5 49. Nf4+ Kf6 50. Ra6 Kg5 51. Nxe6+ Kh4 52. Nd4 f4 1-0


[Site "https://www.chess.com"]

[Event "Titled Tuesday Blitz May 4 2021"]
[White "Diaz Perez, Michel Alejandro"]
[Black "Mekhitarian, Krikor Sevag"]
[WhiteFideId "3517179"]
[BlackFideId "2107660"]
[WhiteElo "2337"]
[BlackElo "2598"]
[Result "0-1"]
[Round "09"]
[TimeControl "180+1"]
[Date "2021.05.04"]
[WhiteClock "0:00:01"]
[BlackClock "0:00:07"]

1. d4 Nf6 2. c4 e6 3. Nf3 Bb4+ 4. Nbd2 a5 5. e3 O-O 6. Bd3 d5 7. O-O b6 8. Qe2 Bd6 9. e4 dxe4 10. Nxe4 Nbd7 11. Bg5 Bb7 12. c5 Be7 13. Nxf6+ Nxf6 14. Rfd1 h6 15. Bh4 Qd5 16. Rac1 Rad8 17. Bg3 Rc8 18. Bc4 Qh5 19. Ne5 Qxe2 20. Bxe2 Ne4 21. c6 Ba8 22. Nd7 Nxg3 23. hxg3 Rfe8 24. d5 exd5 25. Rxd5 Bg5 26. Rc2 Bxc6 27. Rxc6 Rxe2 28. Nxb6 Rb8 29. Nc4 a4 30. Rxc7 Bf6 31. Rdd7 a3 32. bxa3 Rb1+ 33. Kh2 Rxf2 34. Rxf7 Ra1 35. Nd6 Raxa2 36. Rc8+ Kh7 37. Kh3 Rxg2 38. Rff8 h5 39. Rh8+ Kg6 40. g4 Rh2+ 41. Kg3 Be5+ 42. Kf3 Bxd6 43. gxh5+ Rxh5 44. Rhd8 Rf5+ 45. Ke4 Rf6 46. Rc6 Be7 47. Rc7 Bxd8 48. Rd7 Rxa3 49. Rxd8 Raf3 50. Ke5 R3f4 51. Rd7 R4f5+ 52. Ke4 Kh7 0-1


[Site "https://www.chess.com"]

[Event "Titled Tuesday Blitz May 4 2021"]
[White "Djordjevic, Vuk"]
[Black "Sieciechowicz, Marcin"]
[WhiteFideId "902098"]
[BlackFideId "1130170"]
[WhiteElo "2463"]
[BlackElo "2288"]
[Result "1-0"]
[Round "09"]
[TimeControl "180+1"]
[Date "2021.05.04"]
[WhiteClock "0:01:04"]
[BlackClock "0:01:09"]

1. d4 Nf6 2. Bg5 Ne4 3. Bf4 c5 4. f3 Qa5+ 5. c3 Nd6 6. e4 cxd4 7. Bxd6 exd6 8. Qxd4 Nc6 9. Qd2 Be7 10. Na3 O-O 11. Nc4 Qc5 12. Nh3 b5 13. Ne3 Bg5 14. Nxg5 Qxg5 15. Nf5 Qg6 16. Bxb5 Kh8 17. O-O-O Rb8 18. Qxd6 Qxd6 19. Nxd6 Ne5 20. f4 Ng4 21. Rd2 Bb7 22. Bxd7 Ba8 23. Bxg4 1-0


[Site "https://www.chess.com"]

[Event "Titled Tuesday Blitz May 4 2021"]
[White "Dogan, Mire Deniz"]
[Black "Manukian, Artak"]
[WhiteFideId "6317456"]
[BlackFideId "13301373"]
[WhiteElo "1850"]
[BlackElo "2467"]
[Result "1/2-1/2"]
[Round "09"]
[TimeControl "180+1"]
[Date "2021.05.04"]
[WhiteClock "0:00:15"]
[BlackClock "0:00:13"]

1. b4 a5 2. b5 c5 3. e4 b6 4. Bb2 Bb7 5. d3 Nf6 6. Nd2 d5 7. exd5 Nxd5 8. Be2 f6 9. Bf3 e5 10. c4 Nb4 11. Bxb7 Nxd3+ 12. Kf1 Nxb2 13. Qc2 Ra7 14. Bd5 Nxc4 15. Bxc4 Rd7 16. Ngf3 g6 17. g3 Bh6 18. Ne4 f5 19. Nc3 e4 20. Re1 Kf8 21. Nxe4 fxe4 22. Qxe4 Re7 23. Ne5 Kg7 24. Kg2 Qd4 25. Qxd4 cxd4 26. Nc6 Nxc6 27. bxc6 Rc7 28. Bb5 Rd8 29. Rd1 d3 30. Rhe1 d2 31. Re2 Rd5 32. a4 Kf6 33. f4 Bf8 34. Rexd2 Rxd2+ 35. Rxd2 h5 36. Rd8 Be7 37. Rb8 Bc5 38. Rb7 Rc8 39. Kf3 Ke6 40. Ke4 Bg1 41. Rg7 Kf6 42. Rb7 Bxh2 43. c7 Ke7 44. Kd5 Bxg3 45. Kc6 Bxf4 46. Ba6 h4 47. Ra7 Rxc7+ 48. Rxc7+ Bxc7 49. Kxc7 h3 50. Kxb6 g5 51. Kxa5 g4 52. Bf1 Kf6 53. Kb6 Kg5 54. a5 Kh4 55. a6 g3 56. Bxh3 Kxh3 57. a7 g2 58. a8=Q g1=Q+ 59. Kb7 Qg2+ 60. Ka7 Qxa8+ 61. Kxa8 1/2-1/2


[Site "https://www.chess.com"]

[Event "Titled Tuesday Blitz May 4 2021"]
[White "Dudzinski, Pawel"]
[Black "Ivanov, Mike"]
[WhiteFideId "1117890"]
[BlackFideId "2613158"]
[WhiteElo "2193"]
[BlackElo "2197"]
[Result "0-1"]
[Round "09"]
[TimeControl "180+1"]
[Date "2021.05.04"]
[WhiteClock "0:00:38"]
[BlackClock "0:00:34"]

1. e4 e6 2. d4 d5 3. Nd2 e5 4. dxe5 dxe4 5. Qe2 Nc6 6. Qxe4 Nge7 7. Bb5 Bf5 8. Bxc6+ bxc6 9. Qa4 Qd7 10. Ngf3 Nd5 11. O-O Nb4 12. Ne1 Bc5 13. c3 Nd3 14. Nxd3 Bxd3 15. Re1 O-O 16. Ne4 Bb6 17. Be3 Rfe8 18. Nc5 Bxc5 19. Bxc5 Qd5 20. Qd4 Qxd4 21. cxd4 a5 22. Re3 Bc4 23. b3 Bd5 24. f4 a4 25. bxa4 Rxa4 26. a3 Rb8 27. Rae1 Rc4 28. f5 Re8 29. e6 fxe6 30. fxe6 Rc2 0-1


[Site "https://www.chess.com"]

[Event "Titled Tuesday Blitz May 4 2021"]
[White "Dylag, Emilia"]
[Black "Gurevich, Dmitry"]
[WhiteFideId "21805172"]
[BlackFideId "2000407"]
[WhiteElo "1871"]
[BlackElo "2506"]
[Result "0-1"]
[Round "09"]
[TimeControl "180+1"]
[Date "2021.05.04"]
[WhiteClock "0:00:04"]
[BlackClock "0:00:28"]

1. d4 Nf6 2. c4 g6 3. Nc3 Bg7 4. e4 d6 5. Be2 O-O 6. Nf3 e5 7. O-O exd4 8. Nxd4 c6 9. Be3 Re8 10. f3 d5 11. cxd5 Nxd5 12. Nxd5 cxd5 13. Nb5 Nc6 14. exd5 Rxe3 15. dxc6 Qb6 16. Kh1 bxc6 17. Nd6 Be6 18. Nc4 Bxc4 19. Bxc4 Rd8 20. Qc2 Qxb2 21. Qxb2 Bxb2 22. Rab1 Rd2 23. Rfd1 Rxd1+ 24. Rxd1 Re7 25. Kg1 c5 26. Kf1 Bd4 27. Re1 Rb7 28. Bb3 Kf8 29. Ke2 a5 30. Rc1 h5 31. Kd3 h4 32. Rc2 Ke7 33. Re2+ Kf6 34. Re4 g5 35. Re2 Rb4 36. Rc2 a4 37. Bd5 Rb1 38. Rc4 a3 39. Ra4 Rb2 40. g4 Rxh2 41. Ra6+ Ke5 42. Bxf7 Rh1 43. Bb3 h3 44. Rh6 h2 45. Ke2 Rb1 46. Rxh2 Rb2+ 47. Kd3 Rxh2 48. Kc4 Rf2 49. Kb5 Rxf3 50. Ka4 Rg3 51. Kxa3 c4 52. Kb4 cxb3 53. axb3 Rxg4 54. Kc4 Rf4 55. b4 g4 56. b5 g3 57. Kd3 g2 58. b6 g1=Q 59. b7 Qe3+ 60. Kc4 Qc3+ 61. Kb5 Qc5+ 62. Ka4 Bb2+ 63. Kb3 Rb4+ 64. Ka2 Rxb7 65. Kb1 Bd4+ 0-1


[Site "https://www.chess.com"]

[Event "Titled Tuesday Blitz May 4 2021"]
[White "Efremov, Vladislav"]
[Black "DieHardCuban"]
[WhiteFideId "44159935"]
[WhiteElo "2022"]
[BlackElo "2400"]
[Result "0-1"]
[Round "09"]
[TimeControl "180+1"]
[Date "2021.05.04"]
[WhiteClock "0:00:03"]
[BlackClock "0:00:10"]

1. d4 Nf6 2. c4 e6 3. Nf3 d5 4. Nc3 a6 5. cxd5 exd5 6. Bg5 Be6 7. e3 Nbd7 8. Bd3 Bd6 9. O-O c6 10. Qc2 Qc7 11. h3 O-O 12. e4 dxe4 13. Nxe4 Nxe4 14. Bxe4 h6 15. Bh4 Rfe8 16. Rac1 Qb6 17. Rfe1 Bxa2 18. Bh7+ Kh8 19. Rxe8+ Rxe8 20. Bf5 Nf8 21. Qd2 Bd5 22. Bb1 Bxf3 23. gxf3 Qb5 24. Qd3 Ng6 25. Qxb5 cxb5 26. Bg3 Nf4 27. Bxf4 Bxf4 28. Rd1 g6 29. Be4 Re7 30. Rd3 Kg7 31. Rc3 Rd7 32. Rc8 f5 33. Bc2 Rxd4 34. Re8 Kf6 35. Rh8 Kg5 36. Bb3 Kh4 37. Bf7 Rd6 38. Rg8 g5 39. Rg6 Kxh3 40. Rxd6 Bxd6 0-1


[Site "https://www.chess.com"]

[Event "Titled Tuesday Blitz May 4 2021"]
[White "Elissalt Cardenas, Hector"]
[Black "Martinez Lopez, David"]
[WhiteFideId "3500632"]
[BlackFideId "22235779"]
[WhiteElo "2249"]
[BlackElo "2348"]
[Result "1-0"]
[Round "09"]
[TimeControl "180+1"]
[Date "2021.05.04"]
[WhiteClock "0:00:03"]
[BlackClock "0:00:01"]

1. d4 Nf6 2. c4 g6 3. Nc3 Bg7 4. e4 d6 5. Be2 O-O 6. Be3 e5 7. d5 a5 8. g4 Na6 9. h4 Nd7 10. h5 g5 11. h6 Bf6 12. Bd3 Ndc5 13. f3 c6 14. Bc2 cxd5 15. Nxd5 Nc7 16. Nxc7 Qxc7 17. Ne2 Ne6 18. b3 Nf4 19. Nc3 Bd7 20. Qd2 Bc6 21. Rd1 Rfd8 22. Rc1 Rab8 23. Bd3 b6 24. Kf2 Qe7 25. Nd5 Bxd5 26. cxd5 Rdc8 27. Ba6 Rc5 28. a3 Qa7 29. Bxc5 bxc5 30. Bc4 a4 31. Kg3 axb3 32. Qc3 Qxa3 33. Ra1 Qb4 34. Qxb4 cxb4 35. Rhb1 1-0


[Site "https://www.chess.com"]

[Event "Titled Tuesday Blitz May 4 2021"]
[White "Erden, Kadir"]
[Black "Maly, Alexey"]
[WhiteFideId "6305776"]
[BlackFideId "14103184"]
[WhiteElo "2218"]
[BlackElo "2314"]
[Result "0-1"]
[Round "09"]
[TimeControl "180+1"]
[Date "2021.05.04"]
[WhiteClock "0:00:11"]
[BlackClock "0:01:30"]

1. e4 c6 2. Nf3 d5 3. Nc3 Bg4 4. h3 Bxf3 5. Qxf3 e6 6. d3 Nf6 7. Bd2 Qb6 8. O-O-O d4 9. Ne2 c5 10. g4 Nc6 11. g5 Nd7 12. Qg3 c4 13. dxc4 Nc5 14. Nf4 Nxe4 15. Qf3 Nxd2 16. Rxd2 Bb4 17. Rd1 O-O-O 18. Bd3 Bc3 19. bxc3 dxc3 20. Rde1 Nd4 21. Qe4 Qb2+ 0-1


[Site "https://www.chess.com"]

[Event "Titled Tuesday Blitz May 4 2021"]
[White "Erdogdu, Mert"]
[Black "Costachi, Mihnea"]
[WhiteFideId "6301495"]
[BlackFideId "1217518"]
[WhiteElo "2485"]
[BlackElo "2479"]
[Result "0-1"]
[Round "09"]
[TimeControl "180+1"]
[Date "2021.05.04"]
[WhiteClock "0:00:05"]
[BlackClock "0:01:05"]

1. e4 e5 2. Nf3 Nc6 3. Bc4 Bc5 4. c3 Nf6 5. d3 d6 6. O-O a6 7. Bb3 h6 8. Nbd2 Ba7 9. Re1 g5 10. Nf1 g4 11. N3d2 h5 12. Nc4 h4 13. Be3 h3 14. g3 d5 15. exd5 Qxd5 16. f3 Qxf3 17. Qxf3 gxf3 18. Bxa7 Rxa7 19. Nxe5 Nxe5 20. Rxe5+ Kf8 21. Ne3 Ng4 22. Nxg4 Bxg4 23. Rae1 Ra8 24. Re7 Rh7 25. Rxc7 Rd8 26. d4 b5 27. Ree7 Bh5 28. Kf2 a5 29. a3 b4 30. axb4 axb4 31. Re5 bxc3 32. bxc3 Rb8 33. Bc4 Rb2+ 34. Ke3 Rxh2 35. g4 Re2+ 36. Bxe2 fxe2 37. Rc8+ Kg7 38. Kxe2 h2 39. gxh5 h1=Q 40. Rce8 Rxh5 41. Rxh5 Qxh5+ 42. Kd3 Qb5+ 0-1


[Site "https://www.chess.com"]

[Event "Titled Tuesday Blitz May 4 2021"]
[White "Estrada Nieto, Julian"]
[Black "Niyazgulova, Marina"]
[WhiteFideId "5101018"]
[BlackFideId "24142573"]
[WhiteElo "2270"]
[BlackElo "2087"]
[Result "1/2-1/2"]
[Round "09"]
[TimeControl "180+1"]
[Date "2021.05.04"]
[WhiteClock "0:00:14"]
[BlackClock "0:00:34"]

1. e4 d5 2. exd5 Qxd5 3. Nc3 Qd6 4. d4 Nf6 5. Nf3 c6 6. Ne5 Nbd7 7. Bf4 Nb6 8. Be2 Nbd5 9. Nxd5 Nxd5 10. Bd2 Bf5 11. O-O e6 12. c4 Nf6 13. Qb3 Qc7 14. Bf4 Qb6 15. Qxb6 axb6 16. Bf3 Be4 17. Bxe4 Nxe4 18. Rfe1 Nf6 19. a3 Be7 20. Bg5 O-O 21. Rad1 Rfd8 22. Kf1 h6 23. Be3 Nd7 24. Nxd7 Rxd7 25. d5 exd5 26. cxd5 c5 27. Bf4 Rad8 28. Re2 Kf8 29. Red2 Bd6 30. Bxd6+ Rxd6 31. Rd3 Ke7 32. Ke2 Kf6 33. Ke3 Ke5 34. f4+ Kf5 35. Kf3 h5 36. g3 f6 37. h3 Kg6 38. g4 hxg4+ 39. hxg4 Rh8 40. Ke4 Re8+ 41. Kf3 Rh8 42. Ke4 Re8+ 43. Kf3 Rh8 1/2-1/2


[Site "https://www.chess.com"]

[Event "Titled Tuesday Blitz May 4 2021"]
[White "Eynullayev, Altay"]
[Black "Omk124"]
[WhiteFideId "13413562"]
[WhiteElo "2079"]
[BlackElo "2607"]
[Result "0-1"]
[Round "09"]
[TimeControl "180+1"]
[Date "2021.05.04"]
[WhiteClock "0:00:21"]
[BlackClock "0:01:28"]

1. e4 g6 2. d4 Bg7 3. Nc3 c6 4. Nf3 d6 5. Be3 Nf6 6. Qd2 Nbd7 7. a4 O-O 8. h3 e5 9. dxe5 dxe5 10. Bc4 Qe7 11. Rd1 Nc5 12. Bxc5 Qxc5 13. Bb3 Nh5 14. Qd6 Qxd6 15. Rxd6 Nf4 16. O-O Be6 17. Rfd1 Rfe8 18. a5 Bf8 19. R6d2 Bb4 20. Bxe6 Nxe6 21. Nxe5 Bxa5 22. Nc4 Bxc3 23. bxc3 Nc5 24. f3 a5 25. Nd6 Re7 26. Rb1 b5 27. h4 Rd7 28. Rbd1 Rad8 29. e5 Na4 30. Rd3 Nb2 31. Rd4 Nxd1 32. Rxd1 a4 33. f4 f6 34. g4 fxe5 35. fxe5 Re7 0-1


[Site "https://www.chess.com"]

[Event "Titled Tuesday Blitz May 4 2021"]
[White "Eynullayev, Atilla"]
[Black "Wagh Suyog"]
[WhiteFideId "13413570"]
[BlackFideId "25071688"]
[WhiteElo "1997"]
[BlackElo "2219"]
[Result "1-0"]
[Round "09"]
[TimeControl "180+1"]
[Date "2021.05.04"]
[WhiteClock "0:00:51"]
[BlackClock "0:00:21"]

1. e4 c6 2. d4 d5 3. e5 e6 4. Nf3 c5 5. c3 Nc6 6. Bd3 Bd7 7. O-O Qb6 8. Bc2 Nh6 9. a3 a5 10. b3 Be7 11. Bxh6 gxh6 12. Qd2 cxd4 13. cxd4 Rg8 14. h3 O-O-O 15. Nc3 f6 16. Na4 Qc7 17. b4 fxe5 18. dxe5 Nxe5 19. Nxe5 Qxe5 20. Nb6+ Kb8 21. Nxd7+ Rxd7 22. Bxh7 Bd6 23. f4 Qg7 24. Bxg8 Qxg8 25. bxa5 Rg7 26. Rab1 Rg3 27. a6 Rxh3 28. Rxb7+ Ka8 29. Qf2 Bb8 30. Rxb8+ Qxb8 31. gxh3 Qb3 32. Kh2 Qxa3 33. Rg1 Qxa6 34. Rg8+ Kb7 35. Rg7+ Kc6 36. Qc2+ Qc4 37. Qxc4+ dxc4 38. Kg2 c3 39. Kf2 Kd5 40. Ke3 Kc4 41. Rc7+ 1-0


[Site "https://www.chess.com"]

[Event "Titled Tuesday Blitz May 4 2021"]
[White "Fajdetic, Hrvoje"]
[Black "Jaskolka, Tomasz"]
[WhiteFideId "14501945"]
[BlackFideId "1170791"]
[WhiteElo "2153"]
[BlackElo "2050"]
[Result "0-1"]
[Round "09"]
[TimeControl "180+1"]
[Date "2021.05.04"]
[WhiteClock "0:00:15"]
[BlackClock "0:00:11"]

1. d4 Nf6 2. Bf4 c5 3. e3 Qb6 4. Na3 Qxb2 5. Nb5 Nd5 6. Bxb8 Qb4+ 7. c3 Nxc3 8. Qd2 Nxb5 9. Qxb4 cxb4 10. Bg3 Nc3 11. Nf3 e6 12. Bd3 Be7 13. O-O d5 14. Rfc1 O-O 15. a3 a5 16. axb4 Bxb4 17. Ne1 Bd7 18. Nc2 Be7 19. Na3 Ne4 20. Rc7 Bxa3 21. Rxa3 Bc6 22. Bxe4 dxe4 23. Bd6 Rfd8 24. Bc5 Rdc8 25. Rxc8+ Rxc8 26. Rxa5 f6 27. h4 Kf7 28. g4 h6 29. h5 f5 30. gxf5 exf5 31. Kh2 g6 32. hxg6+ Kxg6 33. Kg3 Kf6 34. Bd6 Rg8+ 35. Kh2 Ke6 36. Bf4 b5 37. Ra6 Kd5 38. Bxh6 Rh8 39. Kg3 Rxh6 40. f3 exf3 41. Kxf3 b4 42. Rb6 b3 43. Kf4 Kc4 44. Kg5 Rd6 45. Kxf5 Bd7+ 46. Ke5 Rxb6 0-1


[Site "https://www.chess.com"]

[Event "Titled Tuesday Blitz May 4 2021"]
[White "Fernandez, Michael"]
[Black "Smietanska, Wiktoria"]
[WhiteFideId "5803560"]
[BlackFideId "21869359"]
[WhiteElo "2110"]
[BlackElo "1780"]
[Result "0-1"]
[Round "09"]
[TimeControl "180+1"]
[Date "2021.05.04"]
[WhiteClock "0:00:26"]
[BlackClock "0:01:52"]

1. b4 d5 2. Bb2 Bf5 3. e3 e6 4. Nf3 Nf6 5. b5 c6 6. a4 Bd6 7. Be2 O-O 8. O-O a6 9. c4 axb5 10. axb5 Rxa1 11. Bxa1 cxb5 12. cxb5 Qa5 13. Nc3 Ne4 14. Nxe4 dxe4 15. Nd4 Bg6 16. Bc3 Qb6 17. Qb3 Nd7 18. Ra1 Nc5 19. Qc2 Nd3 20. f4 e5 21. fxe5 Bxe5 22. Nf3 Nb4 23. Bxb4 exf3 24. Bd3 Bxa1 0-1


[Site "https://www.chess.com"]

[Event "Titled Tuesday Blitz May 4 2021"]
[White "Fier, Alexandr"]
[Black "Mikhalevski, Victor"]
[WhiteFideId "2107139"]
[BlackFideId "2801914"]
[WhiteElo "2569"]
[BlackElo "2567"]
[Result "1-0"]
[Round "09"]
[TimeControl "180+1"]
[Date "2021.05.04"]
[WhiteClock "0:02:00"]
[BlackClock "0:01:46"]

1. e4 e5 2. f4 Bc5 3. Nf3 d6 4. Bc4 Nf6 5. d3 Nc6 6. Nc3 Bg4 7. h3 Bxf3 8. Qxf3 Nd4 9. Qg3 O-O 10. Bb3 Nh5 11. Qg4 Nxf4 12. Bxf4 exf4 13. Qxf4 Kh8 14. O-O-O f5 15. Kb1 c6 16. e5 g5 17. Qh2 f4 18. Ne4 Re8 19. h4 g4 20. Qxf4 dxe5 21. Qxg4 Be7 22. Rhf1 Rf8 23. Qh5 Qd7 24. Qxe5+ 1-0


[Site "https://www.chess.com"]

[Event "Titled Tuesday Blitz May 4 2021"]
[White "Gaboyan, Susanna"]
[Black "Tarasova, Viktoriya"]
[WhiteFideId "13303627"]
[BlackFideId "4175840"]
[WhiteElo "2135"]
[BlackElo "2182"]
[Result "0-1"]
[Round "09"]
[TimeControl "180+1"]
[Date "2021.05.04"]
[WhiteClock "0:00:01"]
[BlackClock "0:00:22"]

1. g3 Nf6 2. Bg2 e6 3. Nf3 d5 4. O-O Be7 5. d3 O-O 6. Nbd2 c5 7. e4 Nc6 8. Qe2 b6 9. Ne1 Bb7 10. e5 Nd7 11. f4 b5 12. g4 Qc7 13. Rf3 Nd4 14. Qf1 Nxf3+ 15. Ndxf3 d4 16. Qf2 f6 17. exf6 Nxf6 18. Ne5 Bxg2 19. Qxg2 Bd6 20. N1f3 Nd5 21. Qh3 Rae8 22. g5 Nxf4 23. Bxf4 Rxf4 24. g6 h6 25. Nf7 Bf8 26. N3e5 c4 27. dxc4 bxc4 28. Re1 d3 29. cxd3 Qc5+ 30. Qe3 Qxe3+ 31. Rxe3 Bc5 32. d4 Bxd4 33. Nxc4 Rg4+ 34. Kf2 Bxe3+ 35. Nxe3 Rxg6 36. Ne5 Rf6+ 37. Ke2 Rf4 38. Nc6 a6 39. Ne5 Rh4 40. Nf3 Rb4 41. b3 Kf7 42. Ne5+ Kg8 43. Nc6 Rb6 44. Nd4 Rd6 45. Nf3 Rc8 46. Nc4 Rdc6 47. Nfe5 R6c7 48. Ke3 Rf8 49. Kd4 Rf1 50. Nd6 Rf2 0-1


[Site "https://www.chess.com"]

[Event "Titled Tuesday Blitz May 4 2021"]
[White "Gabrielian, Artur"]
[Black "serhanberat_ozdemir"]
[WhiteFideId "4131002"]
[WhiteElo "2539"]
[BlackElo "2640"]
[Result "1-0"]
[Round "09"]
[TimeControl "180+1"]
[Date "2021.05.04"]
[WhiteClock "0:00:23"]
[BlackClock "0:00:01"]

1. d4 Nf6 2. c4 g6 3. Nc3 Bg7 4. Nf3 O-O 5. g3 d6 6. Bg2 c6 7. O-O Qa5 8. h3 e5 9. e4 Nbd7 10. Re1 exd4 11. Nxd4 Ne5 12. Nb3 Qc7 13. c5 dxc5 14. Nxc5 Rd8 15. Qe2 b6 16. Nb3 Be6 17. Bf4 Nh5 18. Bg5 Bc4 19. Bxd8 Rxd8 20. Qc2 Bd3 21. Qc1 Qe7 22. Rd1 a5 23. Qe3 Nc4 24. Qc1 b5 25. Bf1 Bxf1 26. Rxd8+ Qxd8 27. Qxf1 a4 28. Rd1 Qe7 29. Nd4 Bxd4 30. Rxd4 Qc5 31. Rd8+ Kg7 32. Qd3 Nxb2 33. Qd4+ Qxd4 34. Rxd4 c5 35. Rd2 Nc4 36. Rd5 b4 37. Nxa4 Nf6 38. Rxc5 Nd2 39. Rb5 Nfxe4 40. Rxb4 Nf3+ 41. Kg2 Ne1+ 42. Kf1 1-0


[Site "https://www.chess.com"]

[Event "Titled Tuesday Blitz May 4 2021"]
[White "Gahan, M G"]
[Black "Omariev, Maksim"]
[WhiteFideId "5027373"]
[BlackFideId "4193423"]
[WhiteElo "2264"]
[BlackElo "2422"]
[Result "1-0"]
[Round "09"]
[TimeControl "180+1"]
[Date "2021.05.04"]
[WhiteClock "0:02:30"]
[BlackClock "0:00:22"]

1. e4 c5 2. c3 Nf6 3. e5 Nd5 4. d4 cxd4 5. cxd4 Nc6 6. Nf3 d6 7. Bc4 e6 8. O-O Be7 9. a3 O-O 10. Qe2 a6 11. Qe4 dxe5 12. dxe5 b5 13. Bd3 g6 14. Bh6 Re8 15. Nbd2 Bb7 16. Qg4 Ne3 17. fxe3 Qxd3 18. Ne4 Rad8 19. Qf4 Qd7 20. Nf6+ 1-0


[Site "https://www.chess.com"]

[Event "Titled Tuesday Blitz May 4 2021"]
[White "Gandhi, Shyam"]
[Black "Gabriel, Robert"]
[WhiteFideId "2052008"]
[BlackFideId "4606477"]
[WhiteElo "1951"]
[BlackElo "2203"]
[Result "1-0"]
[Round "09"]
[TimeControl "180+1"]
[Date "2021.05.04"]
[WhiteClock "0:00:41"]
[BlackClock "0:00:07"]

1. c4 e6 2. e4 d5 3. cxd5 exd5 4. exd5 Nf6 5. Nc3 Nxd5 6. d4 Bb4 7. Bd2 O-O 8. Be2 Re8 9. Nf3 Nxc3 10. bxc3 Bd6 11. O-O Bf5 12. Re1 Nd7 13. c4 c6 14. Bc3 Qc7 15. c5 Bf4 16. g3 Bh6 17. Bd2 Bxd2 18. Qxd2 Nf6 19. Bd3 Bxd3 20. Qxd3 g6 21. Rab1 Nd5 22. Qd2 Kg7 23. h4 h5 24. Qg5 f6 25. Qd2 b5 26. cxb6 axb6 27. Rec1 Qd7 28. Qc2 Rac8 29. Nd2 b5 30. Ne4 Qf5 31. Nd6 Re1+ 32. Rxe1 Qxc2 33. Nxc8 Qxa2 34. Rbc1 Qd2 35. Rcd1 Qc2 36. Nd6 b4 37. Ne8+ Kf8 38. Rc1 Qd3 39. Rxc6 b3 40. Nxf6 Nxf6 41. Rxf6+ Kg7 42. Rb6 Qd2 43. Re7+ Kh6 44. Rbb7 Qd1+ 45. Kg2 1-0


[Site "https://www.chess.com"]

[Event "Titled Tuesday Blitz May 4 2021"]
[White "Garcia Blanco, Omar"]
[Black "Eggleston, Thomas A"]
[WhiteFideId "2287153"]
[BlackFideId "412139"]
[WhiteElo "2273"]
[BlackElo "2174"]
[Result "1-0"]
[Round "09"]
[TimeControl "180+1"]
[Date "2021.05.04"]
[WhiteClock "0:00:13"]
[BlackClock "0:00:10"]

1. e4 e6 2. d4 d5 3. Nc3 Nf6 4. e5 Nfd7 5. f4 c5 6. Nf3 Nc6 7. Be3 Be7 8. Qd2 O-O 9. O-O-O c4 10. f5 b5 11. f6 gxf6 12. Bh6 b4 13. Ne2 c3 14. Qf4 Kh8 15. exf6 Bxf6 16. Bxf8 Nxf8 17. Ng3 Ng6 18. Qe3 cxb2+ 19. Kb1 e5 20. dxe5 Ncxe5 21. Nxe5 Bxe5 22. Bc4 Be6 23. Qf3 Nf4 24. Rhe1 Qc7 25. Bb3 Rc8 26. Nh5 Nxh5 27. Qxh5 Bg7 28. Re2 a5 29. Bxd5 Bxd5 30. Qxd5 a4 31. Qd7 Qc4 32. Re8+ Bf8 33. Rxc8 Kg7 34. Rxc4 1-0


[Site "https://www.chess.com"]

[Event "Titled Tuesday Blitz May 4 2021"]
[White "Garcia Garcia, Alejandro"]
[Black "Albuquerque Junior,Wellington S."]
[WhiteFideId "3516334"]
[BlackFideId "2151480"]
[WhiteElo "2131"]
[BlackElo "2042"]
[Result "1-0"]
[Round "09"]
[TimeControl "180+1"]
[Date "2021.05.04"]
[WhiteClock "0:00:47"]
[BlackClock "0:00:09"]

1. d4 Nf6 2. c4 c5 3. d5 b5 4. cxb5 a6 5. bxa6 g6 6. Nc3 Bg7 7. e4 O-O 8. e5 Ne8 9. h4 Bxa6 10. h5 Bxf1 11. Kxf1 Nc7 12. Nf3 d6 13. e6 fxe6 14. hxg6 hxg6 15. Qd3 Qe8 16. Ng5 Rf5 17. g4 Rxg5 18. Bxg5 exd5 19. Nxd5 Qb5 20. Qxb5 Nxb5 21. a4 Nc6 22. Nxe7+ Nxe7 23. Bxe7 Kf7 24. Kg2 Na7 25. Bxd6 Bxb2 26. Rab1 Bd4 27. Rb8 Rxb8 28. Bxb8 Nc6 29. Bc7 c4 30. Kf3 Ke6 31. Ke4 Bxf2 32. Rc1 Bg3 33. Bxg3 1-0


[Site "https://www.chess.com"]